 Dungeon Crawl Stone Soup version 0.30.0-30-g96aa6591b8 (webtiles) character file.

Game seed: 10673190334683588930

66 monsoonserge the Slasher (level 4, -1/51 HPs)
             Began as a Merfolk Gladiator on June 27, 2023.
             Slain by an orc
             ... wielding a +0 hand axe
              (2 damage)
             ... on level 3 of the Dungeon.
             The game lasted 00:04:07 (1446 turns).

monsoonserge the Slasher (Merfolk Gladiator)        Turns: 1446, Time: 00:04:08

Health: -1/51      AC: 22    Str: 14    XL:     4   Next: 15%
Magic:  4/4        EV:  2    Int:  7    God:
Gold:   82         SH:  0    Dex: 17    Spells: 3/3 levels left

rFire   . . .        a - +0 long sword
rCold   . . .        (no shield)
rNeg    . . .        t - melded +0 scale mail
rPois   +            c - melded +0 helmet
rElec   .            (cloak currently unavailable)
rCorr   .            (gloves currently unavailable)
SInv    .            (boots currently unavailable)
Will    .....        (no amulet)
Stlth   ++           (no ring)
HPRegen 0.28/turn    (no ring)
MPRegen 0.09/turn

%: no passive effects
@: tree-form
A: stationary, stasis, torment immunity, boosted hp, (nimble swimmer 2),
(mertail)
a: no special abilities


You were on level 3 of the Dungeon.
You were a tree.
You visited 1 branch of the dungeon, and saw 3 of its levels.

You collected 82 gold pieces.

Inventory:

Hand Weapons
 a - a +0 long sword (weapon)
 x - a +0 sling
Missiles
 d - a throwing net (quivered)
 e - a javelin
 j - 12 poisoned darts
Armour
 b - a +0 leather armour
 c - a +0 helmet (melded)
 i - a +0 ring mail
 t - a +0 scale mail (melded)
 u - a +0 ring mail
Magical Staves
 m - a staff of death
 o - a staff of fire
Scrolls
 g - 4 scrolls of identify {unknown}
 k - a scroll of teleportation {unknown}
 p - a scroll of enchant weapon {unknown}
 q - a scroll of enchant armour {unknown}
 s - 2 scrolls of noise {unknown}
 w - a scroll of butterflies {unknown}
Potions
 h - a potion of haste {unknown}
 l - a potion of degeneration {unknown}
 n - a potion of mutation {unknown}
 r - a potion of curing {unknown}
 v - a potion of brilliance {unknown}


   Skills:
 + Level 2.6 Fighting
 + Level 5.1 Long Blades
 + Level 2.1 Throwing
 + Level 0.3 Armour
 + Level 4.5 Dodging


You had 3 spell levels left.
You didn't know any spells.
Your spell library contained the following spells:

 Spells                   Type           Power      Damage    Failure   Level
 Apportation              Tloc           0%         N/A       43%         1
 Alistair's Intoxication  Tmut/Pois      0%         N/A       100%        5
 Simulacrum               Ice/Necr       0%         N/A       100%        6
 Ozocubu's Refrigeration  Ice            0%         4d7       100%        7
 Polar Vortex             Ice            0%         N/A       100%        9


Dungeon Overview and Level Annotations

Branches:
Dungeon (3/15)

Altars:

Annotations:
D:3 Natasha


Innate Abilities, Weirdness & Mutations

You are a tree.
Your roots penetrate the ground, keeping you stationary.
You cannot be teleported.
You are immune to unholy pain and torment.
Your maximum health is greatly increased.
Your equipment is partially melded.
((You are very nimble when in or above water. (Stealth+, EV+, Speed+++)))
((Your lower body shifts to a powerful aquatic tail in water.))


Message History

Your +0 scale mail melds into your body.
Your roots penetrate the ground.
Something hits you but does no damage.
You cannot move.
You cannot move.
You closely miss something. Something hits you but does no damage.
You slash something! Something hits you but does no damage.
You closely miss something. Something hits you but does no damage.
You slash the endoplasm!
You kill the endoplasm!
Something hits you but does no damage.
You hit something.
Something hits you but does no damage. x2
The orc priest looks braver for a moment.
You closely miss the orc priest.
The orc priest mumbles some strange prayers to Beogh against you.
Beogh smites you!
* * * LOW HITPOINT WARNING * * *
You hear some strange, mumbled words.
A puff of flame appears from out of thin air!
The puff of flame hits you but does no damage.
You slash the orc priest!
The orc priest is severely wounded.
Something hits you.
* * * LOW HITPOINT WARNING * * *
Unknown command.
You completely miss the orc priest.
The orc priest is severely wounded.
The orc priest hits you but does no damage.
You hear some strange, mumbled words.
Something tries to affect you, but you resist.
The orc hits you but does no damage.
You barely miss the orc priest.
The orc priest is severely wounded.
The orc hits you but does no damage.
The orc priest hits you but does no damage.
Something hits you.
* * * LOW HITPOINT WARNING * * *
You slash the orc priest!
You kill the orc priest!
The orc hits you with a +0 hand axe.
You die...

#........... #
#.#$........
#.#.#.........
#.#.#.........
#...#.........
#.#.#...oo....
#....o####..#.
###.#{# .P.
#.#♣### .
#.o)..#
#.....#
#.....#
#.....#
#.....#
#.....#
#.##### #.#


You could see 2 orcs.

Vanquished Creatures
  An orc priest (D:3)
  Natasha (D:2)
  A worm (D:2)
  3 dart slugs
  An orc (D:3)
  2 ball pythons (D:2)
  3 bats (D:2)
  3 endoplasms
  2 giant cockroaches (D:2)
  4 hobgoblins
  2 jackals (D:2)
  A quokka (D:2)
  2 goblins (D:2)
  3 kobolds (D:2)
  2 rats (D:2)
31 creatures vanquished.

Notes
Turn   | Place    | Note
-------+----------+-------------------------------------------
     0 | D:1      | monsoonserge the Merfolk Gladiator began the quest for the
                  | Orb.
     0 | D:1      | Reached XP level 1. HP: 16/16 MP: 1/1
   175 | D:1      | Reached skill level 4 in Long Blades
   175 | D:1      | Reached XP level 2. HP: 19/22 MP: 2/2
   613 | D:2      | Noticed Natasha
   632 | D:2      | Killed Natasha
   633 | D:2      | Reached XP level 3. HP: 17/28 MP: 3/3
   695 | D:2      | Noticed Natasha
  1035 | D:2      | Reached skill level 5 in Long Blades
  1095 | D:2      | Reached XP level 4. HP: 33/34 MP: 4/4
  1443 | D:3      | HP: 2/51 [something (1)]
  1446 | D:3      | Slain by an orc

Illustrated notes

Levels and vault maps discovered:
D:1:      roderic_octagonal_star, layout_rooms, minmay_strange_pillars
D:2:      layout_basic, serial_corexii_hall, corexii_hall_statues_deadend,
          corexii_hall_statues_l, uniq_natasha
D:3:      layout_basic, mainiacjoe_overflow_six_doors_small,
          guppyfry_early_lair_pool

Skill      XL: |  1  2  3 |
---------------+----------+-----
Long Blades    | 4 5 |  5.1
Fighting       | |  2.6
Throwing       | |  2.1
Armour         | |  0.3
Dodging        | |  4.5

Action                     |  1- 3 |  4- 6 || total
---------------------------+-------+-------++-------
  Melee: Long sword        |    97 |    23 ||   120
         Punch             |     2 |     1 ||     3
  Throw: Throwing net      |     3 |       ||     3
    Use: Potion            |       |     1 ||     1
   Stab: Held in net/web   |     1 |       ||     1
 Armour: Ring mail         |    41 |       ||    41
         Scale mail        |     7 |     6 ||    13
         Skin              |       |    12 ||    12
  Dodge: Dodged            |    74 |     8 ||    82
